 Dungeon Crawl Stone Soup version 0.31-a0-145-g046c7d2549 (console) character file.

Game seed: 1770902219082475981

72 Ignak the Ogre Mage (level 4, -1/39 HPs)
             Began as an Ogre Hedge Wizard on June 5, 2023.
             Slain by a +2 spectral club (2 damage)
             ... created by Ijyb
             ... on level 3 of the Dungeon.
             The game lasted 00:05:25 (1826 turns).

Ignak the Ogre Mage (Ogre Hedge Wizard)             Turns: 1826, Time: 00:05:25

Health: -1/39      AC:  4    Str: 14    XL:     4   Next: 25%
Magic:  2/9        EV:  9    Int: 17    God:
Gold:   165        SH:  0    Dex:  8    Spells: 1/10 levels left

rFire   . . .        k - +1 whip (vamp)
rCold   . . .        (no shield)
rNeg    . . .        b - +0 robe
rPois   .            c - +0 hat
rElec   .            l - +0 cloak
rCorr   .            (gloves unavailable)
SInv    .            (boots unavailable)
Will    .....        (no amulet)
Stlth   +            (no ring)
HPRegen 0.26/turn    (no ring)
MPRegen 0.11/turn

%: no passive effects
@: on blink cooldown
A: large, unfitting armour, tough skin 1
a: no special abilities


You were on level 3 of the Dungeon.
You visited 1 branch of the dungeon, and saw 3 of its levels.

You collected 165 gold pieces.

Inventory:

Hand Weapons
 k - a +1 vampiric whip (weapon)
Armour
 b - a +0 robe (worn)
 c - a +0 hat (worn)
 l - a +0 cloak (worn)
Scrolls
 a - a scroll of identify
 f - a scroll of poison {unknown}
 j - 2 scrolls of teleportation
Potions
 d - a potion of magic
 e - 3 potions of curing {unknown}
 h - a potion of might {unknown}
 i - a potion of enlightenment {unknown}


   Skills:
 + Level 0.6 Maces & Flails
 + Level 2.1 Dodging
 - Level 1.4 Stealth
 + Level 0.7 Unarmed Combat
 + Level 3.9 Spellcasting
 + Level 1.4 Conjurations
 - Level 0.9 Summonings
 * Level 1.1 Necromancy
 + Level 1.4 Translocations
 + Level 0.4 Air Magic
 + Level 0.2 Poison Magic


You had one spell level left.
You knew the following spells:

 Your Spells              Type           Power      Damage    Failure   Level
a - Magic Dart            Conj           32%        1d4       9%          1
b - Blink                 Tloc           16%        N/A       13%         2
d - Mephitic Cloud        Conj/Pois/Air  5%         N/A       34%         3
e - Call Imp              Summ           12%        N/A       16%         2
f - Kiss of Death         Conj/Necr      28%        2d7       10%         1

Your spell library contained the following spells:

 Spells                   Type           Power      Damage    Failure   Level
 Slow                     Hex            12%        N/A       16%         1
 Cigotuvi's Dreadful Rot  Necr/Pois/Air  10%        N/A       19%         2
 Dazzling Flash           Conj/Hex       10%        N/A       34%         3
 Confusing Touch          Hex            3%         N/A       43%         3
 Dispel Undead            Necr           7%         3d8       67%         4
 Agony                    Necr           7%         N/A       95%         5
 Silence                  Hex/Air        2%         N/A       99%         5


Dungeon Overview and Level Annotations

Branches:
Dungeon (3/15)

Altars:

Shops:
D:2 *

Annotations:
D:3 Ijyb


Innate Abilities, Weirdness & Mutations

You are too large for most types of armour.
You have tough skin. (AC +1)


Message History

Aiming: Mephitic Cloud (quite dangerous; 34% risk of failure)
Press: ? - help, Shift-Dir - straight line That beam is likely to hit you.
Continue anyway?
Okay, then.
Casting: Mephitic Cloud (quite dangerous; 34% risk of failure)
Confirm with . or Enter, or press ? or * to list all spells.
The spell is quite dangerous to miscast (34% risk of failure)!
Continue anyway?
Aiming: Mephitic Cloud (quite dangerous; 34% risk of failure)
Press: ? - help, Shift-Dir - straight line
Okay, then.
Unknown command.
Press: ? - help, v - describe, . - travel
Here: Ijyb, wielding a +2 spectral club, wearing a +0 leather armour and carrying a wand of roots (8) (heavily wounded)
The floor.
Unknown command.
Unknown command.
Unknown command.
Casting: Mephitic Cloud (quite dangerous; 34% risk of failure)
Confirm with . or Enter, or press ? or * to list all spells.
You escape the roots grasp.
You blink.
Casting: Blink (safe; 13% risk of failure)
Confirm with . or Enter, or press ? or * to list all spells.
The spell is quite dangerous to miscast (34% risk of failure)!
Continue anyway?
Aiming: Mephitic Cloud (quite dangerous; 34% risk of failure)
Press: ? - help, Shift-Dir - straight line The ball explodes into a vile cloud!
The stinking cloud engulfs Ijyb but does no damage.
Ijyb is heavily wounded.
The +2 spectral club disappears.
Ijyb is engulfed in noxious fumes.
Ijyb hits you with a +2 spectral club!
* * * LOW HITPOINT WARNING * * *
The +2 spectral club hits you.
* * * LOW HITPOINT WARNING * * *
A +2 spectral club comes into view.
As you read the scroll of butterflies, it crumbles to dust.
You hear the flapping of tiny wings.
The +2 spectral club is knocked back by the sudden gust.
Ijyb is knocked back by the sudden gust.
The +2 spectral club hits you.
You die...

.# ## ###.# ..# ##...##...#.
##bbb..b.... #..bb.b......
....#......# #b.bbbb.b...
...........###bbbbb........#
...........?.bbb@bbg.....#.#
.............bb#b(b°#b..##.######
.............b.bb##b# #.........#
............b..b..†!# #†........#
.........<..........# #.........#
................#b..###.........#
................##..............#
......>.........##.#.#........[.#
#..).†..........##>#............#


You could see a +2 spectral club (ally target) and Ijyb (ally target).

Vanquished Creatures
  An orc wizard (D:3)
  A dart slug (D:2)
  An orc (D:3)
  2 bats (D:2)
  2 endoplasms (D:1)
  A giant cockroach (D:1)
  4 goblins
  2 hobgoblins
  3 quokkas (D:3)
  2 ball pythons (D:3)
  A frilled lizard (D:3)
  5 kobolds
  4 rats
29 creatures vanquished.

Vanquished Creatures (collateral kills)
  An adder (D:1)
  An orc (D:3)
  A hobgoblin (D:1)
  A bat (D:3)
  A rat (D:3)
5 creatures vanquished.

Grand Total: 34 creatures vanquished

Notes
Turn   | Place    | Note
-------+----------+-------------------------------------------
     0 | D:1      | Ignak the Ogre Hedge Wizard began the quest for the Orb.
     0 | D:1      | Reached XP level 1. HP: 16/16 MP: 5/5
   129 | D:1      | Reached skill level 1 in Conjurations
   129 | D:1      | Reached skill level 1 in Translocations
   301 | D:1      | Reached XP level 2. HP: 18/24 MP: 4/6
   356 | D:1      | Learned a level 2 spell: Call Imp
   359 | D:1      | Learned a level 2 spell: Blink
   361 | D:1      | Learned a level 1 spell: Kiss of Death
   934 | D:1      | Reached XP level 3. HP: 18/30 MP: 4/8
   938 | D:1      | Learned a level 3 spell: Mephitic Cloud
  1317 | D:2      | Found Qaegaf's General Store.
  1736 | D:3      | Reached skill level 1 in Necromancy
  1742 | D:3      | Reached XP level 4. HP: 31/39 MP: 4/9
  1808 | D:3      | Noticed Ijyb
  1825 | D:3      | HP: 1/39 [+2 spectral club[Ijyb] (2)]
  1826 | D:3      | Slain by a +2 spectral club

Illustrated notes

Levels and vault maps discovered:
D:1:      dpeg_arrival_rhombus, layout_loops_cross
D:2:      layout_rooms, serial_shops, shop
D:3:      layout_rooms, dilly_ecumenical_altar_fadedgnrine,
          minmay_fractal_squares_gapless_5, uniq_ijyb

Skill      XL: |  1  2  3 |
---------------+----------+-----
Conjurations   | 1 |  1.4
Translocations | 1 |  1.4
Dodging        | 2 |  2.1
Necromancy     | 1 |  1.1
Maces & Flails | |  0.6
Stealth        | |  1.4
Unarmed Combat | |  0.7
Spellcasting   | |  3.9
Summonings     | |  0.9
Air Magic      | |  0.4
Poison Magic   | |  0.2

Action                     |  1- 3 |  4- 6 || total
---------------------------+-------+-------++-------
  Melee: Unarmed           |    21 |       ||    21
         Whip              |    72 |    21 ||    93
         Dagger            |     1 |       ||     1
   Cast: Magic Dart        |    11 |       ||    11
         Call Imp          |     6 |       ||     6
         Blink             |     1 |     1 ||     2
         Kiss of Death     |     1 |       ||     1
         Mephitic Cloud    |     1 |     2 ||     3
    Use: Scroll            |     2 |     2 ||     4
   Stab: Sleeping          |     4 |       ||     4
         Confused          |       |     1 ||     1
 Armour: Robe              |    42 |     7 ||    49
  Dodge: Dodged            |    57 |    13 ||    70

Table legend: (Time is in decaauts)
 A = Elapsed time spent in this place.
 B = Non-inter-level travel time spent in this place.
 C = Inter-level travel time spent in this place.
 D = Time resting spent in this place.
 E = Time spent auto-exploring this place.
 F = Levels seen in this place.
 G = Mean time per level.
                   A        B        C        D        E       F      G
               +--------+--------+--------+--------+--------+-----+--------+
         Total |   1835 |   1780 |     55 |    188 |   1045 |   3 |  611.7 |
       Dungeon |   1835 |   1780 |     55 |    188 |   1045 |   3 |  611.7 |
               +--------+--------+--------+--------+--------+-----+--------+

Top non-repeatable levels by time:
     D:1: 1020 daAuts
     D:2: 677 daAuts
     D:3: 138 daAuts
